 Dungeon Crawl Stone Soup version 0.26-a0-612-gd4d190f45e (webtiles) character file.

Game seed: 15003130783854855306

5253 KikubaaqudghaCute the Covert (level 10, -1/60 HPs)
             Began as a Vampire Enchanter on Sept 10, 2020.
             Was a Priest of Kikubaaqudgha.
             Slain by a yak (11 damage)
             ... on level 8 of the Dungeon.
             The game lasted 00:48:01 (10430 turns).

KikubaaqudghaCute the Covert (Vampire Enchanter)   Turns: 10430, Time: 00:48:02

Health: -1/60      AC: 11    Str: 17    XL:     10   Next: 36%
Magic:  15/15      EV: 19    Int: 19    God:    Kikubaaqudgha [***...]
Gold:   567        SH:  5    Dex: 22    Spells: 1/16 levels left

rFire    . . .     SeeInvis +   M - +5 mace "Izximeb" {speed, *Contam rElec Str+9}
rCold    + + .     Faith    .   (no shield)
rNeg     + + +     Spirit   .   b - +1 robe
rPois    ∞         Reflect  +   (no helmet)
rElec    +         Harm     .   F - scarf {repulsion}
rCorr    .                      (no gloves)
MR       +....                  (no boots)
Stlth    +++++++...             A - amulet of reflection
HPRegen  0.00/turn              m - +6 ring of dexterity
MPRegen  0.14/turn              K - ring of Robustness {AC+8}

@: about to teleport, very slightly contaminated, bloodless, studying Fighting,
repel missiles
A: fangs 3, see invisible, unbreathing
a: Bat Form, Revivify, Receive Corpses, Renounce Religion


You were on level 8 of the Dungeon.
You worshipped Kikubaaqudgha.
Kikubaaqudgha was most pleased with you.
You visited 2 branches of the dungeon, and saw 10 of its levels.
You also visited: Ossuary.

You collected 567 gold pieces.

Inventory:

Hand Weapons
 a - a +2 dagger
 d - a +2 rapier of venom
 s - a +7 great sword
 M - the +5 mace "Izximeb" (weapon) {speed, *Contam rElec Str+9}
   (You found it on level 8 of the Dungeon)

   Attacks with this weapon are significantly faster.
   It affects your strength (+9).
   It insulates you from electricity.
   It causes magical contamination when unequipped.
Missiles
 h - 11 curare-tipped darts (quivered)
 B - 23 poisoned darts
Armour
 b - a +1 robe (worn)
 F - a scarf of repulsion (worn)
Jewellery
 m - a +6 ring of dexterity (left hand)
 p - an uncursed ring of protection from cold
 t - an uncursed ring of flight
 w - an uncursed ring of poison resistance
 A - an amulet of reflection (around neck)
 C - a +6 ring of dexterity
 I - an uncursed ring of ice
 K - the ring of Robustness (right hand) {AC+8}
   (You found it on level 7 of the Dungeon)

   [ring of protection]

   It affects your AC (+8).
 L - an uncursed ring of magical power
Wands
 i - a wand of polymorph (9)
 q - a wand of iceblast (4)
 r - a wand of random effects (98)
Scrolls
 c - 5 scrolls of amnesia
 f - 7 scrolls of remove curse
 g - a scroll of teleportation
 k - 2 scrolls of enchant weapon
 l - 2 scrolls of immolation {unknown}
 n - 2 scrolls of fog
 v - 2 scrolls of enchant armour
 y - a scroll of magic mapping {unknown}
 D - 4 scrolls of fear
Potions
 e - 2 potions of stabbing {unknown}
 j - 5 potions of brilliance
 o - 3 potions of curing
 u - a potion of heal wounds {unknown}
 x - 4 potions of lignification
 z - 2 potions of magic
 E - a potion of haste {unknown}
 G - 2 potions of flight {unknown}
 H - 2 potions of mutation {unknown}
 J - a potion of ambrosia {unknown}
Books
 N - a manual of Fighting


   Skills:
 + Level 5.6 Fighting
 - Level 5.0(5.2) Short Blades
 + Level 1.9(3.5) Long Blades
 + Level 0.0 Maces & Flails
 + Level 1.2 Armour
 - Level 8.0 Dodging
 + Level 11.5 Stealth
 * Level 3.9 Spellcasting
 - Level 1.0 Conjurations
 + Level 9.8 Hexes
 - Level 4.0 Necromancy
 - Level 2.0 Ice Magic


You had one spell level left.
You knew the following spells:

 Your Spells              Type           Power        Failure   Level
d - Vampiric Draining     Necr           ###.......   9%          3
s - Ensorcelled Hibernat  Hex/Ice        ####..       1%          2
t - Tukima's Dance        Hex            #####...     1%          3
u - Dispel Undead         Necr           ###.....     26%         4
x - Dazzling Flash        Conj/Hex       ###...       4%          3

Your spell library contained the following spells:

 Spells                   Type           Power        Failure   Level
 Corona                   Hex            #####..      1%          1
 Animate Skeleton         Necr           ###...       2%          1
 Pain                     Necr           ###.         2%          1
 Apportation              Tloc           #.....       14%         1
 Summon Small Mammal      Summ           #...         14%         1
 Confusing Touch          Hex            #####...     1%          3
 Sublimation of Blood     Necr           ###.......   4%          2
 Agony                    Necr           ###.....     58%         5
 Borgnjor's Vile Clutch   Necr/Erth      ##........   86%         5
 Death Channel            Necr           ###.......   99%         6
 Simulacrum               Ice/Necr       ###.......   99%         6


Dungeon Overview and Level Annotations

Branches:
Dungeon (9/15)             Temple (1/1) D:4            Lair (0/6) D:8
Ossuary (visited)
    Orc: D:9-12

Altars:
Ashenzari
Cheibriados
Elyvilon
Fedhas
Gozag
Hepliaklqana
Kikubaaqudgha
Makhleb
Nemelex Xobeh
Qazlal
Sif Muna
Vehumet
Wu Jian
Xom
Yredelemnul
Zin
The Shining One

Shops:
D:9 *

Annotations:
D:7 exclusion: ice statue
D:8 3 runed translucent doors, rasy's ghost, novice FoFi


Innate Abilities, Weirdness & Mutations

You do not regenerate when monsters are visible.
You are frail without blood (-20% HP).
You can heal yourself when you bite living creatures.
You are immune to poison.
You have razor-sharp teeth.
You have supernaturally acute eyesight. (SInv)
You can survive without breathing.


Message History

The yak is no longer blind.
The yak closely misses you. x2
Casting: Dazzling Flash (dangerous; 4% risk of failure)
Confirm with . or Enter, or press ? or * to list all spells.
You miscast Dazzling Flash.
You are very lightly contaminated with residual magic.
Nothing appears to happen.
The yak gores you! You block the yak's attack. The yak gores you.
Casting: Dazzling Flash (dangerous; 4% risk of failure)
Confirm with . or Enter, or press ? or * to list all spells.
You block the yak's attack. The yak closely misses you.
The yak barely misses you.
As you read the scroll of teleportation, it crumbles to dust.
You feel strangely unstable. The yak closely misses you.
You block the yak's attack. The yak barely misses you.
It was a potion of magic.
Magic courses through your body. You block the yak's attack. The yak gores you!
* * * LOW HITPOINT WARNING * * *
The yak gores you!
You die...
Kikubaaqudgha rasps: "You have failed me!
Welcome... oblivion!"

##..###....)...#..#...####..##..
#.....................#####..#..
#..............#......##........
##...####.....####..[...).(...)..
#.....####.#### ###########..(..
###...#....## ###_###_####.....
#####.....#####8...8...8##.....
#.)......##Y........###....
##.......#@Y........8#.....
##....##.##Y........##...#.
#.<......##8...8...8#######
#........####_###_### #####
###......##############.##.
#.###...##...............
#####...#..##............
##.........#............
##........[..............


You could see 3 yaks.

Vanquished Creatures
  A two-headed ogre (D:8)
  A troll (D:9)
  Sigmund (D:3)
  2 yaks (D:8)
  A wraith (Ossuary)
  A wyvern (D:8)
  Edmund (D:6)
  A water moccasin (D:8)
  An ice beast (D:7)
  Duvessa (D:5)
  An orc warrior (D:8)
  A sky beast (D:6)
  A black bear (D:7)
  A phantom (D:8)
  2 ogres
  3 centaurs
  A big kobold (D:6)
  3 bullfrogs
  A wyvern zombie (D:8)
  Dowan (D:5)
  2 scorpions
  4 wights (D:7)
  11 killer bees
  A howler monkey (D:6)
  A quasit (D:9)
  2 hounds
  5 orc wizards
  A centaur zombie (D:8)
  A centaur skeleton (D:6)
  5 orc priests
  A jelly (D:7)
  A bullfrog skeleton (D:6)
  Natasha (thrice) (D:3)
  10 worker ants
  3 mummies (Ossuary)
  7 gnolls
  9 adders
  2 shadow imps
  4 white imps
  3 ufetubi
  2 oozes
  2 adder skeletons (D:5)
  3 adder zombies
  2 worms
  2 dart slugs (D:3)
  3 leopard geckos
  29 orcs
  2 ball pythons
  9 bats
  3 giant cockroaches
  7 goblins
  6 hobgoblins
  23 jackals
  10 quokkas
  4 frilled lizards
  4 goblin zombies (Ossuary)
  3 hobgoblin zombies (Ossuary)
  A jackal skeleton (D:8)
  14 kobolds
  2 kobold zombies (Ossuary)
  A leopard gecko skeleton (D:5)
  A quokka skeleton (D:4)
  A quokka zombie (D:8)
  6 rats
242 creatures vanquished.

Vanquished Creatures (collateral kills)
  4 wights (D:7)
  A howler monkey (D:8)
5 creatures vanquished.

Vanquished Creatures (others)
  4 dancing weapons
4 creatures vanquished.

Grand Total: 251 creatures vanquished

Notes
Turn   | Place    | Note
-------+----------+-------------------------------------------
     0 | D:1      | KikubaaqudghaCute the Vampire Enchanter began the quest for
                  | the Orb.
     0 | D:1      | Reached XP level 1. HP: 13/13 MP: 3/3
   261 | D:1      | Reached XP level 2. HP: 13/20 MP: 5/5
   461 | D:1      | Reached skill level 5 in Stealth
   471 | D:1      | Learned a level 2 spell: Ensorcelled Hibernation
   562 | D:1      | Reached skill level 1 in Fighting
   803 | D:1      | Reached XP level 3. HP: 8/26 MP: 4/6
   808 | D:1      | Learned a level 3 spell: Dazzling Flash
  1366 | D:2      | Found a shattered altar of Ashenzari.
  1387 | D:2      | Reached XP level 4. HP: 26/32 MP: 7/7
  1503 | D:2      | Found a faded altar of an unknown god.
  2391 | D:3      | Reached skill level 5 in Hexes
  2408 | D:3      | Reached skill level 6 in Stealth
  2502 | D:3      | Reached XP level 5. HP: 29/38 MP: 4/8
  2624 | D:3      | Noticed Sigmund
  2706 | D:3      | Reached skill level 1 in Ice Magic
  2724 | D:3      | Killed Sigmund
  2724 | D:3      | Reached XP level 6. HP: 23/46 MP: 6/9
  2942 | D:3      | Found a hazy altar of Hepliaklqana.
  2962 | D:3      | Noticed Natasha
  2969 | D:3      | Killed Natasha
  3105 | D:3      | Noticed Natasha
  3133 | D:3      | Killed Natasha
  3210 | D:3      | Noticed Natasha
  3231 | D:3      | Killed Natasha
  3267 | D:4      | Learned a level 3 spell: Tukima's Dance
  3527 | D:4      | Found a staircase to the Ecumenical Temple.
  3565 | Temple   | Entered the Ecumenical Temple
  3609 | Temple   | Became a worshipper of Kikubaaqudgha
  3944 | D:5      | Entered Level 5 of the Dungeon
  3993 | D:5      | Reached XP level 7. HP: 40/40 MP: 10/10
  4060 | D:5      | Noticed Duvessa
  4061 | D:5      | Noticed Dowan
  4075 | D:5      | Killed Duvessa
  4075 | D:5      | Reached skill level 7 in Stealth
  4084 | D:5      | Killed Dowan
  4084 | D:5      | Reached skill level 1 in Conjurations
  4531 | D:5      | Reached XP level 8. HP: 46/46 MP: 11/11
  4718 | D:6      | Reached * piety under Kikubaaqudgha
  4718 | D:6      | Identified Kikubaaqudgha's Reference Book on Necromancy
                  | (Kikubaaqudgha gifted it to you on level 6 of the Dungeon)
  4718 | D:6      | Received a gift from Kikubaaqudgha
  4718 | D:6      | Reached skill level 5 in Short Blades
  4724 | D:6      | Learned a level 3 spell: Vampiric Draining
  4739 | D:6      | Found a white marble altar of Elyvilon.
  4747 | D:6      | Reached skill level 1 in Necromancy
  4806 | D:6      | Reached skill level 8 in Stealth
  4818 | D:6      | Reached skill level 5 in Dodging
  5314 | D:6      | Noticed Edmund
  5321 | D:6      | Killed Edmund
  6395 | D:7      | Found a sand-covered staircase.
  6476 | Ossuary  | Entered an ossuary
  6899 | D:7      | Reached ** piety under Kikubaaqudgha
  6942 | D:7      | Reached XP level 9. HP: 38/52 MP: 11/13
  7127 | D:7      | Reached skill level 5 in Fighting
  7840 | D:7      | Reached skill level 1 in Long Blades
  7891 | D:7      | Noticed an ice statue
  7934 | D:7      | Found the ring of Robustness {AC+8}
  8341 | D:8      | Found a staircase to the Lair.
  8352 | D:8      | Reached skill level 9 in Stealth
  8396 | D:8      | Found an ornate altar of the Wu Jian Council.
  8398 | D:8      | Found a burning altar of Makhleb.
  8513 | D:8      | Noticed a two-headed ogre
  8532 | D:8      | Found an opulent altar of Gozag.
  9016 | D:8      | Reached *** piety under Kikubaaqudgha
  9016 | D:8      | Identified Kikubaaqudgha's Collected Works on Unholy
                  | Secrets (Kikubaaqudgha gifted it to you on level 8 of the
                  | Dungeon)
  9016 | D:8      | Received a gift from Kikubaaqudgha
  9062 | D:8      | Reached skill level 10 in Stealth
  9072 | D:8      | Got a translucent mace
  9197 | D:8      | Killed a two-headed ogre
  9197 | D:8      | Reached XP level 10. HP: 59/59 MP: 2/14
  9199 | D:8      | Reached skill level 11 in Stealth
  9242 | D:8      | Learned a level 4 spell: Dispel Undead
  9485 | D:8      | Noticed rasy's ghost (novice FoFi)
  9486 | D:8      | Found a runed translucent gate.
  9487 | D:8      | Found a runed translucent gate.
  9499 | D:8      | Found a runed translucent gate.
  9583 | D:9      | Found Luppu Jesa's Mass Market.
  9817 | D:8      | Found a shimmering altar of Xom.
 10041 | D:9      | Reached skill level 1 in Armour
 10415 | D:8      | Identified the +5 mace "Izximeb" {speed, *Contam rElec
                  | Str+9} (You found it on level 8 of the Dungeon)
 10430 | D:8      | Slain by a yak

Illustrated notes

Levels and vault maps discovered:
D:1:      dpeg_arrival_boxorama, layout_basic
D:2:      layout_rooms, marbit_many_paths,
          chequers_ecumenical_altar_simple_redux, minmay_misc_feat_cross,
          minmay_misc_feat_tower
D:3:      layout_rooms, lemuel_crystal_altar, uniq_sigmund, uniq_natasha
D:4:      layout_loops_ring, minmay_temple_entry_mini_moons
D:5:      layout_rooms, nrook_loot_triangle, uniq_duvessa
D:6:      layout_basic, elyvilon_altar_4, uniq_edmund
D:7:      lemuel_ice_statue, layout_loops_ring,
          lightli_ossuary_entry_decrepit_ruins
D:8:      layout_cave_pools, nicolae_overflow_hidden_temple, lair_entry_dummy,
          ebering_ghost_rock_garden
D:9:      layout_irregular_city, serial_shops, shop, minmay_shop_mass,
          minmay_door_square, hangedman_pestilent_swarm, trog_ov_bears_minmay
Temple:   regret_index_temple_waves

Skill      XL: |  1  2  3  4  5  6  7  8  9 10 |
---------------+-------------------------------+-----
Stealth        | 5 6 7 8 10 11 | 11.5
Fighting       | 1 2 3 4 5 |  5.6
Short Blades   | 2 3 4 5 |  5.0
Hexes          | 5 6 9 |  9.8
Ice Magic      | 1 2 |  2.0
Dodging        | 4 7 8 |  8.0
Conjurations   | 1 |  1.0
Necromancy     | 3 4 |  4.0
Spellcasting   | 3 |  3.9
Long Blades    | 1 |  1.9
Armour         | 1 |  1.2

Action                   |  1- 3 |  4- 6 |  7- 9 | 10-12 || total
-------------------------+-------+-------+-------+-------++-------
Melee: Dagger            |   160 |   120 |   138 |       ||   418
       Bite              |    16 |    11 |    30 |    12 ||    69
       Rapier            |       |       |   167 |    53 ||   220
       Great sword       |       |       |    16 |    21 ||    37
       Mace              |       |       |       |     5 ||     5
Throw: Dart              |       |       |     2 |       ||     2
 Cast: Corona            |     8 |     2 |       |       ||    10
       Ensorcelled Hiber |     3 |    35 |    38 |     3 ||    79
       Dazzling Flash    |       |       |     7 |    10 ||    17
       Tukima's Dance    |       |       |    18 |       ||    18
       Vampiric Draining |       |       |     2 |     2 ||     4
 Abil: Exsanguinate      |       |     1 |       |       ||     1
       Evoke Flight      |       |       |     1 |       ||     1
  Use: Potion            |     2 |     1 |       |     1 ||     4
       Scroll            |       |     5 |     5 |     3 ||    13
 Stab: Sleeping          |    10 |    39 |    66 |     5 ||   120
       Distracted        |       |     1 |     1 |     2 ||     4
       Invisible         |       |       |     3 |     5 ||     8
Armor: Robe              |    34 |    14 |    28 |    40 ||   116
Dodge: Dodged            |   117 |    88 |   229 |   191 ||   625
       Repelled          |       |       |     1 |     1 ||     2
Block: Other             |       |       |    27 |    40 ||    67
       Rpst.: Great sword |       |       |     4 |    15 ||    19

Table legend: (Time is in decaauts)
 A = Elapsed time spent in this place.
 B = Non-inter-level travel time spent in this place.
 C = Inter-level travel time spent in this place.
 D = Time resting spent in this place.
 E = Time spent auto-exploring this place.
 F = Levels seen in this place.
 G = Mean time per level.
                   A        B        C        D        E       F      G
               +--------+--------+--------+--------+--------+-----+--------+
         Total |  10376 |   9935 |    441 |   1760 |   5053 |  11 |  943.3 |
       Dungeon |   9901 |   9504 |    397 |   1760 |   4936 |   9 | 1100.1 |
        Temple |     90 |     46 |     44 |      0 |     42 |   1 |   90.0 |
       Ossuary |    384 |    384 |      0 |      0 |     75 |   1 |  384.0 |
               +--------+--------+--------+--------+--------+-----+--------+

Top non-repeatable levels by time:
     D:6: 1899 daAuts
     D:7: 1743 daAuts
     D:8: 1342 daAuts
     D:3: 1295 daAuts
     D:1: 1060 daAuts
     D:2: 874 daAuts
     D:5: 645 daAuts
     D:4: 608 daAuts
     D:9: 431 daAuts
 Ossuary: 384 daAuts
  Temple: 90 daAuts
